 Dungeon Crawl Stone Soup version 0.28.0 (webtiles) character file.

Game seed: 2571727609088653892

583 psuckher the Ruffian (level 7, -21/67 HPs)
             Began as a Troll Delver on Feb 16, 2022.
             Was a Follower of Zin.
             Demolished by an ogre (29 damage)
             ... on level 4 of the Dungeon.
             The game lasted 00:04:58 (890 turns).

psuckher the Ruffian (Troll Delver)                  Turns: 890, Time: 00:04:58

Health: -21/67     AC:  4    Str: 23    XL:     7   Next: 14%
Magic:  6/6        EV: 10    Int:  6    God:    Zin [*.....]
Gold:   83         SH:  0    Dex: 11    Spells: 6/6 levels left

rFire   . . .      SeeInvis .     - Unarmed
rCold   . . .      Faith    .   (no shield)
rNeg    . . .      Spirit   .   a - +0 robe
rPois   .          Reflect  .   (helmet restricted)
rElec   .          Harm     .   (no cloak)
rCorr   .          Rampage  .   (gloves unavailable)
Will    .....                   (boots unavailable)
Stlth   ++........              (no amulet)
HPRegen 1.01/turn               (no ring)
MPRegen 0.10/turn               (no ring)

@: attractive
A: large, unfitting armour, claws 3, regeneration 1, shaggy fur 1, tough skin 1
a: Renounce Religion, Recite, Donate Gold


You were on level 4 of the Dungeon.
You worshipped Zin.
Zin was aware of your devotion.
You visited 1 branch of the dungeon, and saw 2 of its levels.

You collected 92 gold pieces.
You donated 9 gold pieces to Zin.

Inventory:

Hand Weapons
 h - a +2 flail of venom
 o - a +1 mace of holy wrath
Missiles
 r - a throwing net (quivered)
Armour
 a - a +0 robe (worn)
 i - a +0 chain mail
 m - a +0 scale mail
Wands
 f - a wand of digging (3)
Scrolls
 b - a scroll of fog
 c - a scroll of magic mapping
 d - a scroll of fear
 j - a scroll of immolation {unknown}
 n - a scroll of teleportation {unknown}
 p - a scroll of identify {unknown}
Potions
 e - a potion of haste
 k - a potion of curing {unknown}
 l - a potion of lignification {unknown}
 q - a potion of resistance {unknown}


   Skills:
 + Level 3.3 Fighting
 + Level 2.6 Dodging
 + Level 4.3 Stealth
 + Level 4.5 Unarmed Combat


You had 6 spell levels left.
You didn't know any spells.
Your spell library contained the following spells:

 Spells                   Type           Power      Damage    Failure   Level
 Blink                    Tloc           0%         N/A       58%         2
 Manifold Assault         Tloc           0%         N/A       100%        5
 Storm Form               Tmut/Air       0%         N/A       100%        7


Dungeon Overview and Level Annotations

Branches:
Dungeon (5/15)
 Temple: D:4-7

Altars:
Zin


Innate Abilities, Weirdness & Mutations

You are too large for most types of armour.
You have claws for hands.
Your natural rate of healing is unusually fast.
You are covered in fur. (AC +1)
You have tough skin. (AC +1)


Message History

You are no longer poisoned.
You hear a shout! x2
Natasha completely misses you.
You claw Natasha!
Natasha is almost dead.
You scratch Natasha.
You kill Natasha!
Natasha screams in fury as she dies!
The crimson imp disappears in a puff of smoke! "...all the legions of the damned will be found wanting.
Such is..."
An orc comes into view.
It is wielding a +0 club. "...the word of Zin, and such is the law!"
You finish reciting Anathema 19:76.
The orc shouts!
A worm comes into view.
Found 20 stones.
A hobgoblin comes into view.
Found 9 gold pieces.
An ogre comes into view. It is wielding a +0 giant club.
Found a silvery potion.
A hound comes into view.
You are ready to recite again.
A gnoll comes into view. It is wielding a +0 club.
Found a scroll labelled RARPHY ACAESCH.
The hound barks!
The ogre misses you.
A gnoll comes into view. It is wielding a +0 whip.
The hound bites you. The hound bites you but does no damage.
The hound bites you.
You claw the hound!
The hound is almost dead.
The hound bites you but does no damage. The hound bites you.
You claw the hound!
You kill the hound!
The ogre hits you with a +0 giant club!
* * * LOW HITPOINT WARNING * * *
It was a potion of attraction.
You feel attractive to monsters.
The ogre hits you with a +0 giant club!!
You die...

##..########g....#
#........##.......
#....#....#g.# #..
###.#..#......####..
#...............##..
##............(....
##.?................
#..@.o..g...........
##..O..............?
#.....#.......$......
#.....##.............
#......##.............
........#....!........#
.............#.........#
.....#..####..........##
#


You could see an ogre, an orc and a hobgoblin.

Vanquished Creatures
  An ogre (D:5)
  3 scorpions
  A water moccasin skeleton (D:5)
  A centaur zombie (D:5)
  3 hounds
  A jelly (D:5)
  A centaur skeleton (D:5)
  A bullfrog skeleton (D:5)
  An iguana (D:5)
  Natasha (D:4)
  2 adders (D:5)
  A dart slug (D:5)
  An orc (D:5)
  A goblin (D:4)
19 creatures vanquished.

Notes
Turn   | Place    | Note
-------+----------+-------------------------------------------
     0 | D:5      | psuckher the Troll Delver began the quest for the Orb.
     0 | D:5      | Reached XP level 1. HP: 22/22 MP: 0/0
    21 | D:5      | Found a glowing silver altar of Zin.
    29 | D:5      | Became a worshipper of Zin the Law-Giver
   113 | D:5      | Reached XP level 2. HP: 25/29 MP: 1/1
   113 | D:5      | Reached XP level 3. HP: 31/36 MP: 2/2
   189 | D:5      | Reached XP level 4. HP: 38/44 MP: 3/3
   350 | D:5      | Reached XP level 5. HP: 39/52 MP: 4/4
   408 | D:5      | Noticed an ogre
   423 | D:5      | Reached XP level 6. HP: 61/61 MP: 5/5
   453 | D:5      | Reached * piety under Zin
   846 | D:4      | Noticed Natasha
   852 | D:4      | Reached XP level 7. HP: 40/67 MP: 6/6
   860 | D:4      | HP: 3/67 [poisoned by a scorpion]
   863 | D:4      | Killed Natasha
   890 | D:4      | Demolished by an ogre

Illustrated notes

Levels and vault maps discovered:
D:4:      layout_cave_pools, tso_altar, uniq_sigmund, uniq_duvessa, uniq_natasha
D:5:      layout_loops_ring, kennysheep_flooded_box

Skill      XL: |  1  2  3  4  5  6 |
---------------+-------------------+-----
Stealth        | 3 4 |  4.3
Fighting       | 3 |  3.3
Dodging        | 2 |  2.6
Unarmed Combat | 3 4 |  4.5

Action                   |  1- 3 |  4- 6 |  7- 9 || total
-------------------------+-------+-------+-------++-------
Melee: Unarmed           |    22 |    53 |    13 ||    88
       Punch             |     1 |       |       ||     1
Invok: Recite            |       |       |     1 ||     1
  Use: Potion            |       |       |     1 ||     1
 Stab: Sleeping          |     2 |     1 |       ||     3
Armor: Robe              |     7 |    17 |     3 ||    27
Dodge: Dodged            |    11 |    22 |     5 ||    38
